 Dungeon Crawl Stone Soup version 0.19.0-19-g8c6edcc (webtiles) character file.

2289 sepiko the Fighter (level 9, -1/80 HPs)
             Began as a Minotaur Fighter on Nov 15, 2016.
             Was a Follower of Hepliaklqana.
             Succumbed to a scorpion's poison
             ... on level 7 of the Dungeon.
             The game lasted 00:19:42 (5385 turns).

sepiko the Fighter (Minotaur Fighter)               Turns: 5385, Time: 00:19:43

Health: -1/80      AC: 13    Str: 25    XL:     9   Next: 17%
Magic:  8/8        EV:  6    Int:  5    God:    Hepliaklqana [*.....]
Gold:   379        SH: 10    Dex:  9    Spells: 0 memorised, 8 levels left

rFire  . . .     SeeInvis .     j - +1 hand axe
rCold  . . .     Gourm    .     D - +0 chain mail
rNeg   . . .     Faith    .     c - +1 shield
rPois  .         Spirit   .     (helmet restricted)
rElec  .         Reflect  .     o - +0 cloak
rCorr  .         Harm     .     (no gloves)
MR     .....                    i - +2 pair of boots
Stlth  ..........               (no amulet)
                                (no ring)
                                (no ring)

@: lethally poisoned (-1 -> -17)
A: retaliatory headbutt, reduced essence, horns 2
a: Recall Ancestor, Ancestor Identity, Renounce Religion


You were on level 7 of the Dungeon.
You worshipped Hepliaklqana.
Hepliaklqana was aware of your devotion.
You were hungry.

You visited 2 branches of the dungeon, and saw 8 of its levels.

You collected 379 gold pieces.

Inventory:

Hand Weapons
 j - a +1 hand axe (weapon)
 x - a +0 hand axe
Missiles
 q - 18 bolts
Armour
 c - a +1 shield (worn)
 i - a +2 pair of boots (worn)
 o - a +0 cloak (worn)
 D - a +0 chain mail (worn)
Jewellery
 z - an uncursed ring of wizardry {unknown}
 C - an uncursed ring of wizardry {unknown}
Wands
 n - a wand of iceblast (4/15)
 G - a wand of iceblast (15/15)
Scrolls
 e - 3 scrolls of enchant armour
 h - 5 scrolls of teleportation
 v - a scroll of recharging
 w - a scroll of blinking
 y - 3 scrolls of identify
 E - a scroll of remove curse
Potions
 a - 2 potions of curing
 d - a potion of might
 k - a potion of beneficial mutation {unknown}
 l - a potion of invisibility {unknown}
 m - a potion of cure mutation {unknown}
 p - 3 potions of brilliance {unknown}
 s - a potion of haste {unknown}
 t - a potion of experience {unknown}
 A - a potion of flight {unknown}
 F - 2 potions of lignification {unknown}
Comestibles
 b - a beef jerky
 f - 4 bread rations
 r - 4 meat rations
 u - 9 fruits


   Skills:
 * Level 11.0 Fighting
 + Level 10.3 Axes
 - Level 3.6 Armour
 - Level 3.6 Shields


You had 8 spell levels left.
You didn't know any spells.

Dungeon Overview and Level Annotations

Branches:
Dungeon (7/15)             Temple (1/1) D:5

Altars:
Ashenzari
Cheibriados
Dithmenos
Elyvilon
Fedhas
Gozag
Hepliaklqana
Makhleb
Nemelex Xobeh
Okawaru
Qazlal
Sif Muna
Trog
Uskayaw
Vehumet
Xom
Yredelemnul
Zin

Shops:
D:4 *   D:5 ?   D:7 *


Innate Abilities, Weirdness & Mutations

You reflexively headbutt those who attack you in melee.
You have a pair of horns on your head.
Your life essence is reduced. (-10% HP)


Message History

You kill the orc warrior!
Your Fighting skill increases to level 11!
You hear an angry buzzing noise.
The scorpion stings you but does no damage.
You feel sick.
You closely miss the scorpion. Your headbutt misses the scorpion.
The scorpion stings you.
* * * LOW HITPOINT WARNING * * *
You are lethally poisoned!
The scorpion poisons you!
You closely miss the scorpion.
* * * LOW HITPOINT WARNING * * *
You feel sick. You block the scorpion's attack.
Your shield and chain mail prevent you from hitting the scorpion.
* * * LOW HITPOINT WARNING * * *
You feel sick. The scorpion stings you.
* * * LOW HITPOINT WARNING * * *
You are more poisoned.
The scorpion poisons you!
You die...

#.#.####.#
#.....##.# #######
#.###.##.# ##.....#
#.# #.R..# #...##.#
#.###.#### #...##.#
#....[...###...##§#
#####..........§§§#
#...........§§#
#.≈≈≈≈≈<..s@..#
##≈###≈#...##.###
#≈#∩'...y........
##≈###≈....#######
...≈≈≈≈≈.########
......>..).y.....
...#.##...o..[...
###...........###
##.##.#####s#


You could see a scorpion and a killer bee.

Vanquished Creatures
  Sigmund (D:6)
  Edmund (D:6)
  Duvessa (D:6)
  3 sky beasts
  An orc warrior (D:7)
  A centaur (D:5)
  3 ogres
  A bullfrog (D:6)
  Dowan (D:6)
  A wyvern skeleton (D:7)
  A scorpion (D:4)
  5 killer bees
  A quasit (D:5)
  2 orc priests
  4 hounds
  2 jellies
  2 iguanas
  4 worker ants
  4 orc wizards
  A worker ant zombie (D:5)
  9 adders
  A shadow imp (D:5)
  An ooze (D:2)
  2 worms
  An adder skeleton (D:4)
  3 dart slugs
  2 leopard geckos
  12 orcs
  4 giant cockroaches
  9 goblins
  3 hobgoblins
  9 jackals
  2 quokkas
  9 bats
  5 frilled lizards
  5 kobolds
  A leopard gecko skeleton (D:4)
  11 rats
129 creatures vanquished.

Vanquished Creatures (collateral kills)
  A killer bee (D:5)
  A hound skeleton (D:6)
  An orc (D:7)
3 creatures vanquished.

Vanquished Creatures (others)
  2 ancestors (D:7)
2 creatures vanquished.

Grand Total: 134 creatures vanquished

Notes
Turn   | Place    | Note
-------+----------+-------------------------------------------
     0 | D:1      | sepiko the Minotaur Fighter began the quest for the Orb.
     0 | D:1      | Reached XP level 1. HP: 19/19 MP: 0/0
   254 | D:1      | Reached XP level 2. HP: 20/26 MP: 1/1
   657 | D:2      | Reached XP level 3. HP: 28/31 MP: 2/2
   778 | D:2      | Reached skill level 5 in Axes
   892 | D:2      | You fall through a shaft!
   908 | D:3      | Noticed an ogre
   918 | D:3      | Killed an ogre
   918 | D:3      | Reached XP level 4. HP: 16/39 MP: 3/3
   918 | D:3      | Reached XP level 5. HP: 18/45 MP: 4/4
   934 | D:3      | Found a radiant altar of Vehumet.
  1034 | D:2      | Noticed a cacodemon
  1035 | D:2      | Found a burning altar of Makhleb.
  1042 | D:2      | Found a glowing silver altar of Zin.
  1042 | D:2      | Noticed an angel
  1891 | D:4      | Reached skill level 4 in Fighting
  1891 | D:4      | Reached XP level 6. HP: 48/52 MP: 5/5
  2049 | D:4      | Found Atsef's Assorted Antiques.
  2344 | D:4      | Reached skill level 5 in Fighting
  2455 | D:4      | Found a hide-covered altar of Uskayaw.
  2538 | D:4      | Found a stormy altar of Qazlal.
  2538 | D:4      | Found a blossoming altar of Fedhas.
  2543 | D:4      | Found a faded altar of an unknown god.
  2545 | D:4      | Found a white marble altar of Elyvilon.
  2546 | D:4      | Found an iron altar of Okawaru.
  2666 | D:5      | Entered Level 5 of the Dungeon
  2680 | D:5      | Found a staircase to the Ecumenical Temple.
  2691 | Temple   | Entered the Ecumenical Temple
  2757 | Temple   | Became a worshipper of Hepliaklqana the Forgotten
  2944 | D:5      | Found Cupnats's Magic Scroll Shop.
  2946 | D:5      | Noticed a sky beast
  2950 | D:5      | Reached XP level 7. HP: 48/55 MP: 6/6
  2953 | D:5      | Reached skill level 6 in Fighting
  2966 | D:5      | Reached skill level 7 in Fighting
  3420 | D:5      | Reached skill level 8 in Fighting
  3420 | D:5      | Reached XP level 8. HP: 48/66 MP: 7/7
  3911 | D:6      | Found a basalt altar of Yredelemnul.
  3911 | D:6      | Reached * piety under Hepliaklqana
  3923 | D:6      | Noticed Sigmund
  3951 | D:6      | Killed Sigmund
  3951 | D:6      | Reached skill level 9 in Fighting
  3972 | D:6      | Noticed Edmund
  4414 | D:6      | Noticed Dowan
  4415 | D:6      | Noticed Duvessa
  4431 | D:6      | Killed Duvessa
  4444 | D:6      | Killed Dowan
  4547 | D:6      | Reached skill level 10 in Fighting
  4667 | D:6      | Reached skill level 10 in Axes
  4948 | D:6      | Killed Edmund
  5033 | D:7      | Reached XP level 9. HP: 59/77 MP: 8/8
  5083 | D:7      | Found Puntea Ekoa's General Store.
  5379 | D:7      | Reached skill level 11 in Fighting
  5384 | D:7      | HP: 1/80 [scorpion (4)]
  5385 | D:7      | Succumbed to a scorpion's poison

Skill      XL: |  1  2  3  4  5  6  7  8  9 |
---------------+----------------------------+-----
Axes           | 3 4 6 7 8 10 | 10.3
Fighting       | 4 5 8 10 11 | 11.0
Armour         | |  3.6
Shields        | |  3.6

Action                   |  1- 3 |  4- 6 |  7- 9 || total
-------------------------+-------+-------+-------++-------
Melee: War axe           |    23 |       |       ||    23
       Headbutt          |    18 |    20 |    44 ||    82
       Hand axe          |    72 |   128 |   184 ||   384
Invok: Ancestor Identity |       |     3 |       ||     3
  Use: Scroll            |     3 |     3 |     4 ||    10
       Potion            |       |       |     1 ||     1
  Eat: Chunk             |       |     7 |     7 ||    14
Armor: Scale mail        |    67 |    66 |    50 ||   183
       Chain mail        |       |       |    40 ||    40
Dodge: Dodged            |    32 |    35 |    39 ||   106
Block: Shield            |    64 |    63 |    89 ||   216
